 Dungeon Crawl Stone Soup version 0.32-a0-35-gd9ff480968 (webtiles) character file.

Game seed: 12723273201269295288

1562406 seren the Hellbinder (level 27, 200/200 HPs)
             Began as a Djinni Hedge Wizard on Jan 18, 2024.
             Was the Champion of Makhleb.
             Escaped with the Orb
             ... and 3 runes on Jan 22, 2024!
             The game lasted 08:39:31 (82834 turns).

seren the Hellbinder (Djinni Hedge Wizard)         Turns: 82834, Time: 08:39:31

Health: 200/200    AC: 18    Str: 11    XL:     27
Gold:   3499       EV: 27    Int: 33    God:    Makhleb [******] SH: 21 Dex: 22

rFire   + + +        b - staff of cold
rCold   + . .        u - +5 kite shield {AC+3}
rNeg    + + .        F - +5 leather armour of the Grue {Rampage Will+ Regen+ Dex+3}
rPois   ∞            y - -2 hat of the Alchemist {rElec rPois rF+ rC+ rN+ Will+ rMut rCorr}
rElec   +            J - +2 cloak {Stlth+}
rCorr   +            s - +2 pair of gloves {Stlth+}
SInv    +            (boots unavailable)
Will    +++++        V - amulet of Dozitauguc {Will+ Regen+ Int+4}
Stlth   +++          U - ring "Biemmiefram" {^Drain rN+ rCorr Int+2}
HPRegen 2.13/turn    z - ring of Relativism {Str+2 Dex+3 SInv Stlth+}
MPRegen 0.00/turn

%: clarity, resist mutation, rampage
@: flying, studying 2 skills
A: sickness immunity, fire resistance 2, cold vulnerability 1, float, innate
caster, HP casting, extra vitality 1, clarity, sense surroundings 1
0: Orb of Zot
}: 3/15 runes: decaying, serpentine, silver
a: Renounce Religion, Minor Destruction, Lesser Servant of Makhleb, Major
Destruction, Greater Servant of Makhleb


You escaped.
You worshipped Makhleb.
Makhleb was exalted by your worship.
You visited 12 branches of the dungeon, and saw 52 of its levels.
You visited 4 bazaars.
You also visited: Ossuary, Ice Cave and Wizlab.

You collected 8135 gold pieces.
You spent 4636 gold pieces at shops.

Inventory:

Missiles
 o - 4 throwing nets (quivered) {!f}
Armour
 c - the +1 robe "Irisei" {Int+4}
   (You found it on level 5 of the Vaults)

   Int+4:     It affects your intelligence (+4).
 s - a +2 pair of gloves of stealth (worn)
 u - a +5 kite shield of protection (worn)
 y - the -2 hat of the Alchemist (worn) {rElec rPois rF+ rC+ rN+ Will+ rMut rCorr}
   (You found it in a wizard's laboratory)

   rF+:       It protects you from fire.
   rC+:       It protects you from cold.
   rElec:     It insulates you from electricity.
   rPois:     It protects you from poison rN+: It protects you from negative
   energy.
   Will+:     It increases your willpower.
   rCorr:     It protects you from acid and corrosion.
   rMut:      It protects you from mutation.
 F - the +5 leather armour of the Grue (worn) {Rampage Will+ Regen+ Dex+3}
   (You found it on level 15 of the Dungeon)

   Dex+3:     It affects your dexterity (+3).
   Will+:     It increases your willpower.
   Regen+:    It increases your rate of health regeneration.
   Rampage:   It bestows one free step when moving towards enemies.
 G - quicksilver dragon scales
 J - a +2 cloak of stealth (worn)
 N - a +2 robe of resistance
Magical Staves
 a - the staff "Jimid" {rPois rF- Int+5 Alchemy}
   (You found it on level 3 of the Crypt)

   [staff of alchemy]

   Base accuracy: +5 Base damage: 5 Base attack delay: 1.2 This weapon's minimum
   attack delay (0.6) is reached at skill level 12.
   Int+5:     It affects your intelligence (+5).
   rF-:       It makes you vulnerable to fire.
   rPois:     It protects you from poison Alchemy: It increases the power of
   your Alchemy spells.
   It falls into the 'Staves' category.
   It is a one-handed weapon.
 b - a staff of cold (weapon)
 E - a staff of fire
Jewellery
 r - a ring of wizardry
 z - the ring of Relativism (right hand) {Str+2 Dex+3 SInv Stlth+}
   (You took it off a deep elf annihilator on level 3 of the Elven Halls)

   [ring of see invisible]

   Str+2:     It affects your strength (+2).
   Dex+3:     It affects your dexterity (+3).
   SInv:      It lets you see invisible.
   Stlth+:    It makes you more stealthy.
 K - the ring of Daack {rF+ Will+ MP+9 Dex+6}
   (You took it off a deep elf demonologist on level 3 of the Elven Halls)

   [ring of dexterity]

   Dex+6:     It affects your dexterity (+6).
   rF+:       It protects you from fire.
   Will+:     It increases your willpower.
   MP+9:      It affects your magic capacity (+9).
 U - the ring "Biemmiefram" (left hand) {^Drain rN+ rCorr Int+2}
   (You found it on level 1 of the Vaults)

   [ring of positive energy]

   Int+2:     It affects your intelligence (+2).
   rN+:       It protects you from negative energy.
   rCorr:     It protects you from acid and corrosion.
   ^Drain:    It drains your maximum health when unequipped.
 V - the amulet of Dozitauguc (around neck) {Will+ Regen+ Int+4}
   (You found it on level 1 of the Vaults)

   [amulet of regeneration]

   Int+4:     It affects your intelligence (+4).
   Will+:     It increases your willpower.
   Regen+:    It increases your rate of health regeneration.
 X - the ring "Syos" {rN+ Str+2}
   (You took it off a death knight on level 3 of the Crypt)

   [ring of positive energy]

   Str+2:     It affects your strength (+2).
   rN+:       It protects you from negative energy.
Wands
 n - a wand of roots (31)
 x - a wand of quicksilver (40)
 B - a wand of polymorph (23)
 P - a wand of charming (43)
 R - a wand of digging (28)
Scrolls
 f - 11 scrolls of fear
 k - 4 scrolls of teleportation {!r}
 m - 5 scrolls of silence
 p - a scroll of revelation
 v - 2 scrolls of blinking {!r}
 C - 2 scrolls of immolation
 D - 12 scrolls of poison
 I - 2 scrolls of vulnerability
 M - 2 scrolls of fog
Potions
 d - 27 potions of curing
 e - 13 potions of enlightenment
 g - a potion of might
 h - 4 potions of cancellation
 j - 4 potions of invisibility
 l - 7 potions of haste
 q - 2 potions of lignification
 t - 2 potions of attraction
 A - 9 potions of heal wounds
 Q - 4 potions of resistance
 S - a potion of berserk rage
 T - 4 potions of brilliance
 W - 19 potions of mutation {!q}
Miscellaneous
 i - a box of beasts
 w - a phial of floods
 L - a phantom mirror
 Y - a condenser vane


   Skills:
 + Level 18.3 Fighting
 - Level 1.0(5.7) Maces & Flails
 - Level 9.9(10.0) Staves
 + Level 16.9 Armour
 + Level 20.3 Dodging
 + Level 9.6 Stealth
 + Level 17.3 Shields
 * Level 25.5 Spellcasting
 * Level 25.5 Conjurations
 * Level 25.5 Hexes
 O Level 27 Summonings
 * Level 25.5 Necromancy
 * Level 25.5 Translocations
 * Level 25.5 Fire Magic
 * Level 25.5 Ice Magic
 * Level 25.5 Air Magic
 * Level 25.5 Earth Magic
 * Level 25.5 Alchemy
 - Level 13.0 Invocations
 + Level 11.2 Evocations


You knew the following spells:

 Your Spells              Type           Power      Damage    Failure   Level
a - Magic Dart            Conj           100%       1d8       0%          1
b - Slow                  Hex            100%       N/A       0%          1
c - Blink                 Tloc           100%       N/A       0%          2
d - Call Imp              Summ           100%       N/A       0%          2
e - Mephitic Cloud        Conj/Alch/Air  100%       N/A       0%          3
f - Summon Small Mammal   Summ           100%       N/A       0%          1
g - Static Discharge      Conj/Air       100%       3-8/arc   0%          2
h - Summon Ice Beast      Ice/Summ       100%       N/A       0%          3
i - Curse of Agony        Necr           100%       N/A       0%          5
j - Starburst             Conj/Fire      59%        6d16      0%          6
k - Dispersal             Tloc           59%        N/A       0%          6
l - Plasma Beam           Fire/Air       59%        2x1d75    0%          6
m - Monstrous Menagerie   Summ           60%        N/A       0%          7
n - Enfeeble              Hex            59%        N/A       1%          7
o - Discord               Hex            59%        N/A       1%          8
p - Passwall              Erth           100%       N/A       0%          3
q - Fire Storm            Conj/Fire      59%        8d15      3%          9
v - Summon Mana Viper     Hex/Summ       100%       N/A       0%          5
Your spell library was empty.

Dungeon Overview and Level Annotations

Branches:
Dungeon (15/15)            Temple (1/1) D:5            Lair (5/5) D:10
  Swamp (4/4) Lair:2        Snake (4/4) Lair:3        Slime (0/5) Lair:4
    Orc (2/2) D:11            Elf (3/3) Orc:2        Vaults (5/5) D:13
  Crypt (3/3) Vaults:3       Tomb (1/3) Crypt:3      Depths (4/4) D:15
    Zot (5/5) Depths:4    Ossuary (visited)           IceCv (visited)
 WizLab (visited)

Altars:
Ashenzari
Cheibriados
Dithmenos
Elyvilon
Fedhas
Gozag
Hepliaklqana
Makhleb
Nemelex Xobeh
Okawaru
Qazlal
Ru
Trog
Uskayaw
Wu Jian
Xom
Yredelemnul
Zin
The Shining One

Shops:
D:5 *   D:6 ??   Orc:2 !:?[(   Elf:3 ([?!   Snake:3 =   Zot:5 *

Portals:
Hell: Depths:1 Depths:2 Depths:3 Depths:4
Abyss: Depths:1 Depths:3
Pandemonium: Depths:2 Depths:4
Ziggurat: Depths:1

Annotations:
D:10 1 exclusion
D:11 abominable beast
Swamp:2 exclusion: downstairs
Snake:2 exclusion: downstairs
Vaults:3 Mennas
Vaults:4 exclusion: 2 upstairs
Depths:3 2 transporters, TobyConnect's ghost, veteran GnFi
Zot:4 exclusion: downstairs
Zot:5 exclusion: obsidian statue


Innate Abilities, Weirdness & Mutations

You are immune to sickness and miasma.
You are immune to poison.
Your flesh is very heat resistant. (rF++)
You are vulnerable to cold. (rC-)
You float through the air rather than walking.
You learn spells naturally, not from books.
Your magical power is your life essence.
You have superior vitality. (+4 MHP)
You possess an exceptional clarity of mind.
You passively map a small area around you.


Message History

You fly upwards.
An Orb Guardian comes into view.
There is a stone staircase leading down here.
Casting: Plasma Beam (safe; 0% risk of failure)
Confirm with . or Enter, or press ? or * to list all spells.
Casting: Plasma Beam (safe; 0% risk of failure)
Press: ? - help, Dir - look around, f - activate The bolt of lightning hits the Orb Guardian!!!
The Orb Guardian is almost dead.
The fiery plasma hits the Orb Guardian!
You kill the Orb Guardian!
Makhleb accepts your kill.
You feel better.
There is a stone staircase leading up here.
You fly upwards.
There is a stone staircase leading down here.
There is an open door here.
There is a stone staircase leading up here.
You fly upwards.
There is a stone staircase leading down here.
There is an open door here.
There is a stone staircase leading up here.
You fly upwards.
There is a stone staircase leading down here.
You see here 6 stones.
There is a stone staircase leading up here.
You fly upwards.
There is a stone staircase leading down here.
You see here a +0 dagger.
You see here a +0 mace.
There is an open door here.
The elf shouts!
The troll shouts!
The minotaur bellows!
The human shouts!
The oni shouts!
The demonspawn shouts!
The draconian roars!
The formicid shouts!
There is an open door here.
There is a staircase leading out of the dungeon here.
You have escaped!

##### #.@.# #...#
###'### #V#.#B#
#### ###.### ...#
#o#.#m# ##.#
###.### ###
#.###########d#.#6#
##.##
#...........###.###
##.#.##


There were no monsters in sight!

Vanquished Creatures
  2 dread liches (Vaults:5)
  4 orbs of fire (Zot:5)
  An ancient lich (Zot:5)
  A royal mummy (Tomb:1)
  Boris (Crypt:2)
  2 Killer Klowns (Zot:5)
  A curse toe (Zot:5)
  6 golden dragons
  Jory (Vaults:3)
  Nikola (Swamp:1)
  A mutant beast (WizLab)
  2 doom hounds
  2 bone dragons
  A Brimstone Fiend (Zot:2)
  2 electric golems
  An Ice Fiend (Zot:2)
  6 tentacled monstrosities
  3 liches
  22 Orb Guardians
  Asterion (Depths:1)
  2 deep elf master archers (Elf:3)
  A deep elf blademaster (Elf:3)
  2 titans
  2 walking divine tomes (Depths:3)
  2 quicksilver dragons
  Grunn (Depths:2)
  9 death cobs
  9 sphinxes
  9 shadow dragons
  6 ancient champions
  Donald (Swamp:4)
  9 tengu reavers
  A daeva (D:11)
  2 nagarajas (Snake:4)
  4 draconian monks
  2 draconian knights (Zot:4)
  A protean progenitor (Zot:1)
  3 revenants
  4 fire giants
  11 storm dragons
  2 iron dragons
  3 deep elf sorcerers
  A balrug (Depths:4)
  2 ghost moths
  7 frost giants
  A juggernaut zombie (Crypt:1)
  3 draconian scorchers
  5 orc warlords
  4 draconian shifters
  8 vault wardens
  3 draconian annihilators
  2 curse skulls (Vaults:3)
  A reaper (Depths:1)
  A caustic shrike zombie (Crypt:2)
  6 ghouls
  8 very ugly things
  4 deep elf elementalists (Elf:3)
  14 stone giants
  2 draconian stormcallers (Zot:3)
  10 ironbound preservers
  A spriggan defender (Depths:1)
  5 ironbound thunderhulks
  6 vampire knights
  2 formless jellyfish
  5 deep elf death magi
  4 war gargoyles
  6 purple draconians
  4 deep elf annihilators
  2 green draconians
  2 eleionomae
  3 deep elf demonologists (Elf:3)
  3 bunyips
  13 white draconians
  3 black draconians
  6 yellow draconians
  6 red draconians
  An eidolon (Crypt:2)
  A spark wasp (Depths:3)
  11 dire elephants
  2 merfolk javelineers (Depths:3)
  9 ettins
  4 fire dragons
  2 shambling mangroves
  12 jiangshi
  A merfolk impaler (Depths:3)
  3 mummy priests
  An entropy weaver (Vaults:3)
  6 deep elf high priests
  2 rakshasas
  12 yaktaur captains
  A peacekeeper (Vaults:4)
  2 spriggan air magi
  5 great orbs of eyes
  6 hydras
  16 vault guards
  14 ice dragons
  An alligator (Swamp:1)
  3 radroaches (WizLab)
  14 ironbound frosthearts
  3 anacondas
  11 centaur warriors
  An alligator snapping turtle (Snake:3)
  3 boulder beetles
  2 death knights
  2 ogre magi
  A catoblepas (D:13)
  3 ghost crabs
  A satyr (Zot:2)
  2 two-headed ogres (shapeshifter) (WizLab)
  5 tengu warriors
  2 torpor snails (shapeshifter) (WizLab)
  A spectral stone giant (Crypt:3)
  8 dancing weapons
  7 deep troll shamans
  10 deep troll earth magi
  2 occultists
  2 orc high priests
  9 death scarabs (Tomb:1)
  7 vampire magi
  3 naga warriors
  Urug (D:10)
  A titan zombie (Crypt:1)
  18 deep elf knights
  2 hell knights
  An emperor scorpion zombie (Crypt:1)
  A soul eater (Depths:4)
  2 naga sharpshooters (Snake:2)
  5 spriggan berserkers
  7 iron trolls
  2 shock serpents (Snake:3)
  A skyshark (shapeshifter) (WizLab)
  A storm dragon zombie (Crypt:2)
  A death drake (Swamp:3)
  3 salamander mystics
  5 shadow wraiths
  25 skeletal warriors
  5 goliath frogs
  4 spriggan druids
  2 deep trolls (shapeshifter)
  34 deep trolls
  An anaconda zombie (Tomb:1)
  2 swamp dragons (shapeshifter) (WizLab)
  A mana viper (shapeshifter) (WizLab)
  7 flayed ghosts
  3 orb spiders (shapeshifter)
  4 large abominations
  10 swamp dragons (Swamp:4)
  A tengu zombie (Vaults:2)
  2 glowing orange brains (shapeshifter)
  An arcanist (Vaults:4)
  11 deep elf archers
  5 glowing orange brains
  5 ironbound convokers
  An orange crystal statue (IceCv)
  10 orc knights
  10 phantasmal warriors
  3 lindwurms
  A bunyip skeleton (Crypt:1)
  27 deep elf zephyrmancers
  3 bog bodies
  6 necromancers
  13 deep elf pyromancers
  A wolf spider zombie (D:15)
  A lightning spire (Zot:4)
  4 orc sorcerers
  5 will-o-the-wisps
  A shining eye (Zot:2)
  23 ugly things
  A salamander (shapeshifter) (WizLab)
  A shadow dragon skeleton (Crypt:2)
  2 shining eyes (shapeshifter)
  2 elephants (Lair:4)
  2 meliai (Lair:4)
  A meliai (shapeshifter) (Elf:3)
  29 moths of wrath
  A stone giant skeleton (Vaults:2)
  11 black mambas
  A naga zombie (Crypt:3)
  10 vault sentinels
  2 naga magi (Snake:4)
  A kobold blastminer (Orc:1)
  2 smoke demons (Depths:4)
  A rust devil (D:12)
  2 water nymphs (shapeshifter) (Vaults:5)
  2 eyes of devastation (shapeshifter) (WizLab)
  3 guardian serpents
  2 hellions
  Maggie (D:8)
  4 cane toads
  22 yaktaurs
  A komodo dragon (shapeshifter) (WizLab)
  2 tormentors (Depths:1)
  11 rime drakes
  A freezing wraith (Crypt:1)
  2 kobold demonologists (Depths:1)
  An efreet (D:13)
  5 komodo dragons
  2 tengu conjurers
  A purple draconian skeleton (Crypt:1)
  A sea snake skeleton (Crypt:1)
  9 polar bears
  2 guardian mummies (Tomb:1)
  A merfolk (shapeshifter) (WizLab)
  A polar bear (shapeshifter) (Elf:3)
  A troll (Orc:1)
  A harpy zombie (Tomb:1)
  13 hornets
  A bloated husk (Swamp:1)
  A fire dragon zombie (Crypt:2)
  A tarantella (shapeshifter) (Vaults:1)
  A tengu simulacrum (Vaults:2)
  A stone giant simulacrum (Crypt:1)
  2 dream sheep (Lair:3)
  A snapping turtle (shapeshifter) (WizLab)
  A radroach zombie (Crypt:1)
  2 tyrant leeches
  2 blink frogs (Lair:1)
  5 glass eyes
  A dream sheep (shapeshifter) (Vaults:5)
  2 air elementals
  18 slime creatures
  3 elf skeletons
  A spriggan (shapeshifter) (WizLab)
  14 yaks
  13 water elementals
  A wyvern (Lair:4)
  2 centaur simulacra (D:15)
  4 shadows
  An ice dragon skeleton (Crypt:1)
  17 spriggans
  4 ushabtiu (Tomb:1)
  5 wraiths
  3 nameless horrors
  A fire elemental (Elf:1)
  A human (Elf:3)
  A warg (Orc:2)
  6 vampire mosquitoes
  2 redbacks
  8 nagas
  4 swamp worms
  5 water moccasins
  A human skeleton (Vaults:4)
  A demonspawn skeleton (Crypt:1)
  3 swamp drakes
  3 orc warriors
  An ettin simulacrum (Crypt:3)
  2 sky beasts (D:6)
  A snapping turtle zombie (Crypt:1)
  27 laughing skulls
  A snapping turtle skeleton (Crypt:2)
  4 ogres
  3 boggarts
  6 wolves
  2 phantoms
  A salamander zombie (Crypt:1)
  A weeping skull (Crypt:3)
  2 bullfrogs
  7 small abominations
  A draconian skeleton (Crypt:1)
  4 necrophages
  3 scorpions (D:5)
  2 wights
  A water moccasin skeleton (Crypt:2)
  A burial acolyte (Crypt:3)
  21 killer bees
  3 howler monkeys
  2 lava snakes (Snake:4)
  A bullfrog skeleton (Crypt:2)
  3 hounds
  3 jellies
  5 orc priests
  A sleepcap (D:4)
  2 iguanas
  11 orc wizards
  A scorpion zombie (D:7)
  A killer bee zombie (D:7)
  An ogre zombie (Ossuary)
  An ice beast zombie (Crypt:2)
  A deep dwarf skeleton (Crypt:2)
  12 mummies (Tomb:1)
  14 gnolls
  7 adders
  A shadow imp (D:6)
  3 ufetubi
  A lava snake zombie (Crypt:1)
  3 dart slugs
  A ribbon worm (D:5)
  23 orcs
  4 ball pythons
  6 endoplasms
  5 giant cockroaches
  5 goblins
  11 hobgoblins
  6 quokkas
  10 bats
  5 frilled lizards
  A frilled lizard skeleton (Crypt:2)
  16 kobolds
  4 rats
  An aspiring flesh (Zot:2)
1364 creatures vanquished.

Vanquished Creatures (collateral kills)
  Frederick (Vaults:5)
  A dread lich (Vaults:5)
  3 orbs of fire
  2 juggernauts
  the Lernaean hydra (Swamp:4)
  A curse toe (Zot:4)
  Vashnia (Snake:2)
  3 golden dragons
  A profane servitor (Crypt:3)
  A bone dragon (Depths:1)
  3 electric golems
  14 tentacled monstrosities
  Rupert (D:15)
  7 Orb Guardians
  4 deep elf blademasters
  A lich (Crypt:3)
  2 sphinxes
  A death cob (Zot:5)
  6 tengu reavers
  9 storm dragons
  5 shadow dragons
  Kirke (D:14)
  2 nagarajas (Snake:4)
  Aizul (Snake:4)
  2 protean progenitors (Zot:2)
  2 draconian knights
  4 fire giants
  5 deep elf sorcerers (Elf:3)
  3 deep elf elementalists (Elf:3)
  5 draconian shifters
  2 vault wardens (Vaults:5)
  2 curse skulls
  2 draconian stormcallers (Zot:5)
  2 ghouls (Crypt:1)
  A cacodemon (Depths:4)
  2 draconian scorchers
  5 draconian annihilators
  3 stone giants
  5 ironbound preservers
  5 very ugly things
  2 ironbound thunderhulks (Vaults:4)
  4 deep elf death magi
  6 black draconians
  A vampire knight (Crypt:1)
  2 deep elf demonologists (Vaults:5)
  6 green draconians
  3 eleionomae
  4 deep elf annihilators (Elf:3)
  5 purple draconians
  4 red draconians
  2 bunyips (Swamp:2)
  6 white draconians
  4 yellow draconians
  2 crystal guardians (Vaults:4)
  3 ettins
  A shambling mangrove (Lair:2)
  A deep elf high priest (Vaults:1)
  An entropy weaver (Vaults:1)
  3 jiangshi (Crypt:3)
  6 yaktaur captains
  14 hydras
  3 fire dragons
  5 anacondas
  A hell beast (Depths:4)
  2 peacekeepers (Vaults:4)
  2 salamander tyrants (Snake:4)
  Fannar (Lair:2)
  An ice dragon (Depths:4)
  2 ogre magi (Orc:2)
  23 vault guards
  3 death knights
  2 ironbound frosthearts
  2 rakshasas (D:15)
  4 two-headed ogres
  An alligator snapping turtle (Snake:3)
  2 spriggan air magi (Depths:4)
  3 boulder beetles
  2 centaur warriors
  A radroach (WizLab)
  8 alligators
  25 dancing weapons
  3 death yaks (Lair:5)
  17 naga warriors
  A two-headed ogre (shapeshifter) (Vaults:5)
  A deep troll earth mage (Vaults:5)
  An orc high priest (Depths:1)
  3 occultists
  5 shock serpents
  12 naga sharpshooters
  8 deep elf knights
  A spriggan berserker (Depths:1)
  A soul eater (Depths:4)
  4 sea snakes (Snake:3)
  A skyshark (shapeshifter) (WizLab)
  9 skeletal warriors
  6 goliath frogs
  3 salamander mystics
  5 mana vipers
  A flayed ghost (Vaults:5)
  An orb spider (shapeshifter) (WizLab)
  A glowing orange brain (Vaults:4)
  3 spriggan druids
  2 deep elf archers
  8 deep trolls
  A mana viper (shapeshifter) (Vaults:5)
  3 shadow demons (Depths:1)
  2 naga ritualists
  4 swamp dragons
  6 phantasmal warriors
  3 arcanists
  2 lindwurms (Vaults:4)
  An eye of devastation (shapeshifter) (WizLab)
  An orc knight (Vaults:1)
  6 ironbound convokers
  10 deep elf pyromancers
  15 ugly things
  A wolf spider (Vaults:5)
  6 deep elf zephyrmancers
  5 large abominations
  An oklob plant (Lair:2)
  6 cyclopes
  4 manticores
  5 orc sorcerers (Orc:2)
  A shining eye (Zot:2)
  14 salamanders
  12 moths of wrath
  A meliai (Lair:4)
  12 elephants
  5 guardian serpents
  22 black mambas
  3 kobold blastminers
  An eleionoma skeleton (Crypt:1)
  15 naga magi
  A torpor snail (shapeshifter) (Vaults:5)
  8 cane toads
  A cane toad (shapeshifter) (D:13)
  A kobold demonologist (Depths:1)
  9 vault sentinels
  An unseen horror (D:11)
  A yaktaur (shapeshifter) (WizLab)
  A torpor snail (Lair:5)
  8 komodo dragons
  4 freezing wraiths
  A yaktaur (Vaults:2)
  2 efreet
  2 tengu conjurers
  An ice devil (Zot:5)
  4 trolls
  4 tyrant leeches
  3 polar bears (Lair:5)
  8 hornets
  A dream sheep (shapeshifter) (Vaults:5)
  A glass eye (Depths:3)
  7 blink frogs
  3 snapping turtles (Snake:3)
  5 dream sheep
  Sigmund (D:3)
  2 air elementals
  8 slime creatures
  28 spriggans
  A shadow (D:11)
  44 yaks
  A wyvern (Lair:2)
  3 wargs
  A vampire (D:12)
  3 fire elementals
  5 hogs (D:14)
  A human (shapeshifter) (D:14)
  A basilisk (D:15)
  9 wraiths
  An iron golem (WizLab)
  2 redbacks (Vaults:1)
  6 vampire mosquitoes
  Menkaure (D:7)
  45 nagas
  A small abomination (Crypt:3)
  8 swamp worms
  2 acid dragons
  10 water moccasins
  2 nameless horrors
  6 black bears
  7 orc warriors
  A sky beast (D:8)
  7 swamp drakes
  8 laughing skulls
  10 ogres
  7 boggarts
  25 wolves
  6 centaurs
  A kobold brigand (D:10)
  11 bullfrogs
  2 gnoll sergeants
  2 necrophages (Crypt:3)
  2 earth elementals
  3 burial acolytes (Crypt:3)
  2 wights
  15 killer bees
  2 howler monkeys (D:8)
  2 centaur zombies (Ossuary)
  A lava snake (Snake:4)
  3 hounds
  A gnoll bouda (D:8)
  11 jellies
  12 orc priests
  25 orc wizards
  3 iguanas
  A scorpion zombie (D:7)
  Ijyb (D:3)
  A killer bee zombie (D:7)
  2 ogre zombies (Ossuary)
  7 mummies (Ossuary)
  A howler monkey skeleton (D:7)
  6 gnolls
  An ufetubus (D:7)
  6 adder zombies (Ossuary)
  41 orcs
  3 endoplasms (Lair:4)
  3 kobolds (D:10)
  5 goblin zombies (Ossuary)
  2 hobgoblin zombies (Ossuary)
  A jackal zombie (Crypt:2)
  4 kobold zombies (Ossuary)
  5 quokka zombies (Ossuary)
  3 rat zombies (Ossuary)
  An aspiring flesh (Zot:2)
  2 fire vortices (Zot:3)
1094 creatures vanquished.

Vanquished Creatures (others)
  A sphinx (Vaults:5)
  2 death cobs (Zot:2)
  2 draconian monks
  2 draconian knights (Zot:2)
  2 vault wardens (Vaults:5)
  A draconian stormcaller (Zot:2)
  A vampire knight (Crypt:1)
  3 green draconians
  3 black draconians
  A red draconian (Zot:1)
  A yellow draconian (Zot:1)
  2 white draconians
  An ettin (Vaults:5)
  A yaktaur captain (Vaults:5)
  A jiangshi (Crypt:3)
  2 vault guards (Vaults:5)
  A two-headed ogre (shapeshifter) (Vaults:5)
  An orc knight (Vaults:5)
  3 moths of wrath (Zot:2)
  A freezing wraith (Crypt:3)
  A bloated husk (Swamp:2)
  A wyvern (Lair:2)
  2 wraiths
  2 humans (D:14)
  An orc warrior (Orc:1)
  A boggart (Vaults:2)
  A necrophage (Crypt:2)
  An orc wizard (Orc:2)
  37 fire vortices
  29 foxfires
108 creatures vanquished.

Grand Total: 2566 creatures vanquished

Notes
Turn   | Place    | Note
-------+----------+-------------------------------------------
     0 | D:1      | seren the Djinni Hedge Wizard began the quest for the Orb.
     0 | D:1      | seren set off with the following spells memorised: Magic
                  | Dart, Slow, Blink, Call Imp, Mephitic Cloud.
     0 | D:1      | Reached XP level 1. HP: 15/15 MP: 0/0
     2 | D:1      | Noticed a vampire
     2 | D:1      | Noticed a formicid
     4 | D:1      | Noticed a merfolk
     6 | D:1      | Noticed a draconian
     6 | D:1      | Noticed a demonspawn
     8 | D:1      | Noticed an octopode
     8 | D:1      | Noticed an oni
    10 | D:1      | Noticed a vine stalker
    10 | D:1      | Noticed a demigod
    12 | D:1      | Noticed a tengu
    14 | D:1      | Noticed a ghoul
    16 | D:1      | Noticed a gargoyle
    16 | D:1      | Noticed an armataur
    18 | D:1      | Noticed a barachi
    18 | D:1      | Noticed a naga
    20 | D:1      | Noticed a troll
    20 | D:1      | Noticed a felid
    22 | D:1      | Noticed a minotaur
    22 | D:1      | Noticed a human
    24 | D:1      | Noticed an elf
    26 | D:1      | Noticed a spriggan
    26 | D:1      | Noticed a djinni
   153 | D:1      | Reached XP level 2. HP: 19/21 MP: 0/0
   469 | D:1      | Reached XP level 3. HP: 24/26 MP: 0/0
   469 | D:1      | Learned a level 1 spell: Summon Small Mammal
   975 | D:2      | Found a bloodstained altar of Trog.
  1004 | D:2      | Reached skill level 1 in Fighting
  1004 | D:2      | Reached XP level 4. HP: 2/32 MP: 0/0
  1914 | D:2      | Reached XP level 5. HP: 28/37 MP: 0/0
  1914 | D:2      | Learned a level 2 spell: Static Discharge
  2926 | D:3      | Noticed Sigmund
  3119 | D:3      | Reached skill level 4 in Summonings
  3119 | D:3      | Reached XP level 6. HP: 27/43 MP: 0/0
  3224 | D:3      | Noticed Ijyb
  4751 | D:4      | Reached XP level 7. HP: 46/49 MP: 0/0
  4751 | D:4      | Learned a level 3 spell: Passwall
  5198 | D:5      | Entered Level 5 of the Dungeon
  5768 | D:5      | Reached XP level 8. HP: 56/56 MP: 0/0
  5813 | D:5      | Reached skill level 5 in Spellcasting
  5813 | D:5      | Reached skill level 5 in Conjurations
  5813 | D:5      | Reached skill level 5 in Hexes
  5813 | D:5      | Reached skill level 5 in Summonings
  5813 | D:5      | Reached skill level 5 in Necromancy
  5813 | D:5      | Reached skill level 5 in Translocations
  5813 | D:5      | Reached skill level 5 in Fire Magic
  5813 | D:5      | Reached skill level 5 in Ice Magic
  5813 | D:5      | Reached skill level 5 in Air Magic
  5813 | D:5      | Reached skill level 5 in Earth Magic
  5813 | D:5      | Reached skill level 5 in Alchemy
  5840 | D:5      | Found Gozag's Platinum Reserve.
  5844 | D:5      | Found an opulent altar of Gozag.
  6185 | D:5      | Reached skill level 5 in Dodging
  6569 | D:5      | Found a staircase to the Ecumenical Temple.
  6576 | Temple   | Entered the Ecumenical Temple
  6590 | Temple   | Became a worshipper of Makhleb the Destroyer
  6958 | D:6      | Found Xahej's Magic Scroll Boutique.
  6961 | D:6      | Bought a scroll of blinking for 90 gold pieces
  6961 | D:6      | Bought a scroll of teleportation for 36 gold pieces
  6961 | D:6      | Bought a scroll of identify for 24 gold pieces
  6961 | D:6      | Bought a scroll of identify for 24 gold pieces
  6961 | D:6      | Bought a scroll of identify for 24 gold pieces
  7391 | D:6      | Found Cyduq's Magic Scroll Shoppe.
  7793 | D:6      | Reached XP level 9. HP: 52/63 MP: 0/0
  7793 | D:6      | Learned a level 3 spell: Summon Ice Beast
  7884 | D:6      | Reached skill level 6 in Summonings
  8426 | D:7      | Reached skill level 5 in Stealth
  8474 | D:7      | Reached skill level 5 in Fighting
  8647 | D:7      | Found a sand-covered staircase.
  8672 | Ossuary  | Entered an ossuary
  8992 | Ossuary  | Reached * piety under Makhleb
  9400 | Ossuary  | Reached ** piety under Makhleb
  9705 | D:7      | Noticed Menkaure
  9726 | D:7      | Killed Menkaure
  9727 | D:7      | Reached skill level 1 in Armour
  9727 | D:7      | Reached skill level 1 in Invocations
  9827 | D:7      | Found a hide-covered altar of Uskayaw.
  9831 | D:7      | Found a blossoming altar of Fedhas.
  9831 | D:7      | Found a basalt altar of Yredelemnul.
  9831 | D:7      | Found an iron altar of Okawaru.
  9834 | D:7      | Found a glowing silver altar of Zin.
  9837 | D:7      | Found a shadowy altar of Dithmenos.
 10004 | D:8      | Noticed Maggie
 10142 | D:3      | Killed Sigmund
 10143 | D:3      | Reached skill level 7 in Summonings
 10143 | D:3      | Reached XP level 10. HP: 67/72 MP: 0/0
 10154 | D:3      | Killed Ijyb
 10404 | D:7      | Reached skill level 1 in Evocations
 10630 | D:8      | Killed Maggie
 11401 | D:8      | Found a sacrificial altar of Ru.
 11788 | D:9      | Reached *** piety under Makhleb
 12071 | D:9      | Reached XP level 11. HP: 78/78 MP: 0/0
 12071 | D:9      | Learned a level 5 spell: Curse of Agony
 12461 | D:10     | Entered Level 10 of the Dungeon
 12616 | D:10     | Noticed Urug
 12626 | D:10     | Reached skill level 8 in Summonings
 12993 | D:10     | Reached skill level 1 in Staves
 13045 | D:10     | Killed Urug
 13281 | D:10     | Found a staircase to the Lair.
 13375 | D:11     | Noticed a cyan ugly thing
 13547 | Lair:1   | Entered Level 1 of the Lair of Beasts
 13594 | Lair:1   | Reached skill level 5 in Invocations
 14049 | Lair:1   | Noticed a boulder beetle
 14072 | Lair:1   | Killed a boulder beetle
 14201 | Lair:1   | Reached skill level 5 in Evocations
 14389 | Lair:1   | Noticed an eight-headed hydra
 14566 | Lair:1   | Reached XP level 12. HP: 79/85 MP: 0/0
 14571 | Lair:1   | Reached **** piety under Makhleb
 15255 | Lair:1   | Killed an eight-headed hydra
 15618 | Lair:2   | Found an iron altar of Okawaru.
 15632 | Lair:2   | Reached skill level 9 in Summonings
 16453 | Lair:2   | Reached skill level 5 in Armour
 16562 | Lair:2   | Found a staircase to the Swamp.
 17077 | Lair:3   | Noticed Fannar
 17077 | Lair:3   | Noticed a six-headed hydra
 17091 | Lair:2   | Noticed a four-headed hydra
 17106 | Lair:2   | Killed a four-headed hydra
 17516 | Lair:2   | Killed a six-headed hydra
 17517 | Lair:2   | Reached XP level 13. HP: 86/93 MP: 0/0
 17517 | Lair:2   | Learned a level 5 spell: Summon Mana Viper
 17755 | Lair:2   | Killed Fannar
 18222 | Lair:3   | Reached skill level 10 in Spellcasting
 18222 | Lair:3   | Reached skill level 10 in Conjurations
 18222 | Lair:3   | Reached skill level 10 in Hexes
 18222 | Lair:3   | Reached skill level 10 in Summonings
 18222 | Lair:3   | Reached skill level 10 in Necromancy
 18222 | Lair:3   | Reached skill level 10 in Translocations
 18222 | Lair:3   | Reached skill level 10 in Fire Magic
 18222 | Lair:3   | Reached skill level 10 in Ice Magic
 18222 | Lair:3   | Reached skill level 10 in Air Magic
 18222 | Lair:3   | Reached skill level 10 in Earth Magic
 18222 | Lair:3   | Reached skill level 10 in Alchemy
 18243 | Lair:3   | Reached skill level 10 in Dodging
 18279 | Lair:3   | Found a staircase to the Snake Pit.
 18308 | Lair:3   | Reached skill level 5 in Staves
 18387 | Lair:3   | Identified the +2 scale mail "Juhid" {Rampage rC+ Dex+2}
 18822 | Lair:4   | Found a gate leading to a gauntlet.
 19709 | Lair:4   | Reached ***** piety under Makhleb
 20467 | Lair:4   | Reached skill level 11 in Summonings
 20796 | Lair:4   | Found a staircase to the Slime Pits.
 20987 | Lair:5   | Entered Level 5 of the Lair of Beasts
 21238 | Lair:5   | Reached XP level 14. HP: 76/102 MP: 0/0
 21323 | Lair:5   | Reached skill level 10 in Fighting
 22397 | Lair:5   | Reached ****** piety under Makhleb
 22695 | Lair:5   | Reached skill level 12 in Summonings
 22729 | Lair:4   | Upgraded the game from 0.32-a0-22-g6ae6769602 to
                  | 0.32-a0-30-gefbe487952
 22964 | Lair:5   | Reached skill level 1 in Shields
 23222 | Lair:5   | Identified the +5 halberd "Qequpait" {freeze, rPois Str+2
                  | Int-4}
 24025 | D:11     | Found a staircase to the Orcish Mines.
 24352 | Orc:1    | Entered Level 1 of the Orcish Mines
 24495 | Orc:1    | Reached XP level 15. HP: 76/108 MP: 0/0
 24495 | Orc:1    | Learned a level 6 spell: Starburst
 25214 | Orc:2    | Entered Level 2 of the Orcish Mines
 25279 | Orc:2    | Found Voepnoru's Weapon Emporium.
 26222 | Orc:2    | Found Uxeop's Antique Armour Shop.
 26236 | Orc:2    | Bought a glowing robe for 118 gold pieces
 26303 | Orc:2    | Found Woeheushe's Distillery.
 26312 | Orc:2    | Bought a potion of heal wounds for 75 gold pieces
 26312 | Orc:2    | Bought a potion of curing for 45 gold pieces
 26312 | Orc:2    | Bought a potion of curing for 45 gold pieces
 26371 | Orc:2    | Found a staircase to the Elven Halls.
 26545 | Orc:2    | Paralysed by an orc sorcerer for 3 turns
 26916 | Orc:2    | Found Keihor's Book Shop.
 26927 | Orc:2    | Found Juddubonn's Magic Scroll Boutique.
 26935 | Orc:2    | Bought a scroll of teleportation for 33 gold pieces
 26935 | Orc:2    | Bought a scroll of identify for 22 gold pieces
 27366 | D:12     | Identified a scroll of acquirement
 27367 | D:12     | Acquired a staff of conjuration
 27443 | D:12     | Reached skill level 5 in Shields
 28376 | D:13     | Found a gate to the Vaults.
 29244 | D:13     | Found a gateway to a bazaar.
 29256 | Bazaar   | Entered a bazaar
 29256 | Bazaar   | Found Zoenga's Magic Scroll Shop.
 29256 | Bazaar   | Found Gusek's Distillery.
 29256 | Bazaar   | Found Noagaigu's Armour Shop.
 29256 | Bazaar   | Found Nuonameg's Weapon Shoppe.
 29260 | Bazaar   | Found Wewk's Assorted Antiques.
 29260 | Bazaar   | Found Xaiboasu's Jewellery Shoppe.
 29285 | Bazaar   | Bought a scroll of teleportation for 39 gold pieces
 29285 | Bazaar   | Bought a scroll of teleportation for 39 gold pieces
 29285 | Bazaar   | Bought a scroll of identify for 26 gold pieces
 29291 | Bazaar   | Bought a wand of digging (2) for 176 gold pieces
 29291 | Bazaar   | Bought a scroll labelled MEL PIUCOIZAFA for 21 gold pieces
 29297 | Bazaar   | Bought a ring of wizardry for 450 gold pieces
 29308 | Bazaar   | Bought a scroll of enchant armour for 97 gold pieces
 29308 | Bazaar   | Bought a scroll of enchant armour for 97 gold pieces
 29618 | D:14     | Noticed Kirke
 29638 | D:14     | Killed Kirke
 29734 | D:14     | Reached skill level 13 in Summonings
 29809 | D:14     | Reached XP level 16. HP: 115/116 MP: 0/0
 30024 | D:14     | Found a blossoming altar of Fedhas.
 30083 | D:14     | You are sucked into a shaft and drop 1 floor!
 30083 | D:15     | Entered Level 15 of the Dungeon
 30189 | D:15     | Identified the +5 leather armour of the Grue {Rampage Will+
                  | Regen+ Dex+3}
 30452 | D:14     | Identified the +2 robe "Silocer" {Dex+2}
 30657 | D:15     | Noticed Rupert
 30678 | D:15     | Killed Rupert
 31481 | D:15     | Found a staircase to the Depths.
 31909 | Swamp:1  | Entered Level 1 of the Swamp
 32264 | Snake:1  | Entered Level 1 of the Snake Pit
 34310 | Swamp:1  | Noticed Nikola
 34323 | Swamp:1  | Killed Nikola
 35144 | Swamp:2  | Reached XP level 17. HP: 118/122 MP: 0/0
 35144 | Swamp:2  | Learned a level 6 spell: Dispersal
 36281 | Swamp:2  | Upgraded the game from 0.32-a0-30-gefbe487952 to
                  | 0.32-a0-32-g978bd804de
 36415 | Swamp:3  | Reached skill level 1 in Maces & Flails
 37707 | Snake:1  | You are sucked into a shaft and drop 1 floor!
 38646 | Snake:2  | Noticed Vashnia
 38731 | Snake:2  | Reached skill level 14 in Summonings
 38787 | Snake:2  | Killed Vashnia
 40195 | Snake:3  | Found Cefu's Jewellery Emporium.
 40208 | Snake:3  | Bought a ring of see invisible for 255 gold pieces
 40757 | Snake:3  | Reached XP level 18. HP: 130/130 MP: 0/0
 41048 | Snake:3  | Reached skill level 10 in Invocations
 41726 | Snake:3  | Reached skill level 10 in Shields
 42684 | Snake:4  | Entered Level 4 of the Snake Pit
 42817 | Snake:4  | Identified the serpent talisman of the Eternal Void {rElec
                  | Stlth+}
 42817 | Snake:4  | Noticed Aizul
 43154 | Snake:4  | Killed Aizul
 43650 | Snake:4  | Reached skill level 15 in Spellcasting
 43650 | Snake:4  | Reached skill level 15 in Conjurations
 43650 | Snake:4  | Reached skill level 15 in Hexes
 43650 | Snake:4  | Reached skill level 15 in Summonings
 43650 | Snake:4  | Reached skill level 15 in Necromancy
 43650 | Snake:4  | Reached skill level 15 in Translocations
 43650 | Snake:4  | Reached skill level 15 in Fire Magic
 43650 | Snake:4  | Reached skill level 15 in Ice Magic
 43650 | Snake:4  | Reached skill level 15 in Air Magic
 43650 | Snake:4  | Reached skill level 15 in Earth Magic
 43650 | Snake:4  | Reached skill level 15 in Alchemy
 44370 | Snake:4  | Reached skill level 15 in Dodging
 44455 | Snake:4  | Reached XP level 19. HP: 124/135 MP: 0/0
 44455 | Snake:4  | Learned a level 6 spell: Plasma Beam
 44476 | Snake:4  | Got a serpentine rune of Zot
 45315 | Swamp:3  | Identified the +1 lajatang "Hehiot" {freeze, rC- Int+6
                  | Stlth+}
 45729 | Swamp:4  | Entered Level 4 of the Swamp
 45758 | Swamp:4  | Noticed Donald
 45772 | Swamp:4  | Killed Donald
 46741 | Swamp:4  | Noticed the 27-headed Lernaean hydra
 46776 | Swamp:4  | Killed the 27-headed Lernaean hydra
 46907 | Swamp:4  | Got a decaying rune of Zot
 47358 | Vaults:1 | Entered Level 1 of the Vaults
 47418 | Vaults:1 | Found a flickering gateway to a bazaar.
 47427 | Bazaar   | Entered a bazaar
 47441 | Bazaar   | Found Hiydyt's Magic Scroll Emporium.
 47441 | Bazaar   | Found Laeph's Book Shoppe.
 47453 | Bazaar   | Bought a scroll of teleportation for 36 gold pieces
 47453 | Bazaar   | Bought a scroll of enchant armour for 90 gold pieces
 47453 | Bazaar   | Bought a scroll of fear for 48 gold pieces
 47465 | Bazaar   | Found Bodops's Distillery.
 47465 | Bazaar   | Found Ziaz's Weapon Shoppe.
 47488 | Bazaar   | Found Bimy's Jewellery Shoppe.
 47513 | Bazaar   | Found Upulaid's Armour Emporium.
 47513 | Bazaar   | Found Agruezir's Assorted Antiques.
 47564 | Bazaar   | Bought a scroll of blinking for 232 gold pieces
 47578 | Bazaar   | Bought a +6 ring of intelligence for 360 gold pieces
 47592 | Bazaar   | Bought a potion of haste for 110 gold pieces
 47592 | Bazaar   | Bought a potion of curing for 33 gold pieces
 47592 | Bazaar   | Bought a potion of curing for 33 gold pieces
 47592 | Bazaar   | Bought a potion of curing for 33 gold pieces
 48186 | Vaults:1 | Reached XP level 20. HP: 115/144 MP: 0/0
 48905 | Vaults:1 | Noticed a tentacled monstrosity
 48916 | Vaults:1 | Killed a tentacled monstrosity
 49004 | Vaults:1 | Noticed a golden dragon
 49027 | Vaults:1 | Killed a golden dragon
 49112 | Vaults:1 | Identified the ring "Biemmiefram" {^Drain rN+ rCorr Int+2}
 49180 | Vaults:1 | Identified the amulet of Dozitauguc {Will+ Regen+ Int+4}
 49224 | Vaults:1 | Identified the amulet "Nowkom" {Faith rN+}
 49924 | Vaults:2 | Found a flickering gateway to a bazaar.
 49935 | Bazaar   | Entered a bazaar
 49940 | Bazaar   | Found Nesid's Jewellery Shoppe.
 49941 | Bazaar   | Found Cagajej's Book Shop.
 49978 | Bazaar   | Found Soxt's Armour Emporium.
 49986 | Bazaar   | Found Xuddafod's Jewellery Boutique.
 50136 | Vaults:2 | Reached skill level 16 in Summonings
 51000 | Vaults:2 | You are sucked into a shaft and drop 2 floors!
 51081 | Vaults:4 | Reached XP level 21. HP: 121/150 MP: 0/0
 51081 | Vaults:4 | Learned a level 7 spell: Monstrous Menagerie
 52739 | Vaults:3 | Noticed Jory
 52760 | Vaults:3 | Killed Jory
 52847 | Vaults:3 | Noticed Mennas
 52991 | Vaults:3 | Found a staircase to the Crypt.
 54358 | Vaults:3 | Reached XP level 22. HP: 159/159 MP: 0/0
 54549 | Vaults:3 | Identified the +0 pair of boots "Teodoss" {rC+ Dex+4}
 54848 | Elf:1    | Entered Level 1 of the Elven Halls
 54886 | Elf:1    | Found a huge runed translucent gate.
 54886 | Elf:1    | Found a huge runed translucent gate.
 54887 | Elf:1    | Found a huge runed translucent gate.
 54891 | Elf:1    | Found a huge runed translucent gate.
 54891 | Elf:1    | Found a huge runed translucent gate.
 54893 | Elf:1    | Found a huge runed translucent gate.
 54894 | Elf:1    | Found a huge runed translucent gate.
 54894 | Elf:1    | Found a huge runed translucent gate.
 54894 | Elf:1    | Found a huge runed translucent gate.
 54895 | Elf:1    | Found a huge runed translucent gate.
 54895 | Elf:1    | Found a huge runed translucent gate.
 54895 | Elf:1    | Found a huge runed translucent gate.
 54895 | Elf:1    | Found a huge runed translucent gate.
 54895 | Elf:1    | Found a huge runed translucent gate.
 54895 | Elf:1    | Found a huge runed translucent gate.
 54895 | Elf:1    | Found a huge runed translucent gate.
 54895 | Elf:1    | Found a huge runed translucent gate.
 54896 | Elf:1    | Found a huge runed translucent gate.
 54896 | Elf:1    | Found a huge runed translucent gate.
 54896 | Elf:1    | Found a huge runed translucent gate.
 54925 | Elf:1    | Reached skill level 15 in Fighting
 55166 | Elf:1    | Paralysed by an air elemental for 1 turns
 55476 | Elf:1    | Reached skill level 15 in Shields
 55684 | Elf:1    | Reached skill level 17 in Summonings
 55784 | Elf:1    | Paralysed by an air elemental for 1 turns
 56125 | Elf:2    | Found a runed translucent gate.
 56125 | Elf:2    | Found a runed translucent gate.
 56125 | Elf:2    | Found a runed translucent gate.
 56675 | Elf:2    | Found a runed translucent door.
 56690 | Elf:2    | Identified the ring of Liapneof {rElec rPois MP+9}
 58245 | Elf:2    | Reached skill level 18 in Summonings
 58484 | Elf:3    | Entered Level 3 of the Elven Halls
 58505 | Elf:3    | Found Muograij's Armour Emporium.
 58541 | Elf:3    | Found Nuaduof's Magic Scroll Shop.
 58612 | Elf:3    | Reached XP level 23. HP: 147/166 MP: 0/0
 58612 | Elf:3    | Learned a level 7 spell: Enfeeble
 58632 | Elf:3    | Found a glacial archway.
 58642 | IceCv    | Entered an ice cave
 59046 | Elf:3    | Bought a scroll of teleportation for 51 gold pieces
 59046 | Elf:3    | Bought a scroll of teleportation for 51 gold pieces
 59046 | Elf:3    | Bought a scroll of fear for 68 gold pieces
 59375 | Elf:3    | Found Lalilent's Antique Weapon Boutique.
 59404 | Elf:3    | Found a gateway to a bazaar.
 59413 | Bazaar   | Entered a bazaar
 59425 | Bazaar   | Found Keamojy's Antique Weapon Emporium.
 59436 | Bazaar   | Found Zorhoe's Antique Weapon Shoppe.
 59450 | Bazaar   | Found Fiqiostreh's Antique Armour Shoppe.
 59450 | Bazaar   | Found Nyohics's Antique Armour Emporium.
 59488 | Bazaar   | Bought a crude scale mail for 189 gold pieces
 59488 | Bazaar   | Identified the +2 scale mail of Shielding {Int+3} (You
                  | bought it in a shop in a bazaar)
 59542 | Elf:3    | Paralysed by an air elemental for 1 turns
 59729 | Elf:3    | Found Afoxuonu's Distillery.
 59738 | Elf:3    | Bought a potion of cancellation for 104 gold pieces
 59801 | Elf:3    | Identified the +2 mace of Destiny {flame, Fly rElec rF-
                  | Str+2}
 60102 | Elf:3    | Identified the ring of Relativism {Str+2 Dex+3 SInv Stlth+}
 60157 | Elf:3    | Identified the ring of Daack {rF+ Will+ MP+9 Dex+6}
 60174 | Elf:3    | Identified the +0 long sword "Ziofyuwkace" {flame, rC+}
 60278 | Elf:3    | Identified the +1 long sword of Dung {elec, Int+2}
 60348 | Elf:3    | Identified the +0 plate armour of Birdsong {^Drain rC++
                  | Int+2}
 60367 | Elf:3    | Identified the +2 scale mail of Quiet Fog {rCorr Dex+3
                  | Slay+2}
 60475 | Elf:3    | Identified the +4 mace "Hulk" {chaos, Dex+4}
 60475 | Elf:3    | Identified the ring "Sygi" {Ice rCorr SInv}
 60597 | Elf:3    | Identified the +0 arbalest of Zuor Wiad {flame, ^Contam
                  | rC+++ Str-3 SInv}
 60843 | Orc:2    | Bought a scroll of enchant armour for 82 gold pieces
 60999 | Elf:3    | Bought a crystal rapier for 288 gold pieces
 60999 | Elf:3    | Identified the +8 rapier of a Million Emperors {flame,
                  | Str+5 SInv} (You bought it in a shop on level 3 of the
                  | Elven Halls)
 60999 | Elf:3    | Bought a bloodstained sling for 208 gold pieces
 60999 | Elf:3    | Identified the +4 sling of Accidental Termination {drain,
                  | Str+2} (You bought it in a shop on level 3 of the Elven
                  | Halls)
 61497 | Depths:1 | Entered Level 1 of the Depths
 61886 | Depths:1 | Found a gateway to Hell.
 62168 | Depths:1 | Found a one-way gateway to a ziggurat.
 62321 | Depths:1 | Found a one-way gate to the infinite horrors of the Abyss.
 62507 | Depths:1 | Reached XP level 24. HP: 163/175 MP: 0/0
 62532 | Depths:1 | Identified the amulet "Oghiprog" {RegenMP rF+ SInv}
 62672 | Depths:2 | Noticed Grunn
 63042 | Depths:2 | Noticed Asterion
 63179 | Depths:1 | Killed Asterion
 63324 | Depths:2 | Killed Grunn
 63822 | Depths:2 | Identified the +12 lajatang of Defiance {heavy, Fly}
 63972 | Depths:2 | Found a one-way gate leading to the halls of Pandemonium.
 63992 | Depths:2 | Reached skill level 19 in Summonings
 64269 | Depths:2 | Identified the +1 chain mail of the New World {Rampage}
 64364 | Depths:2 | Identified the +1 hat of Conscience {rF+}
 64370 | Depths:2 | Identified the +2 robe "Adghoeg" {Harm}
 64382 | Depths:2 | Identified the +2 robe "Jonarale" {Dex+3}
 64491 | Depths:3 | Found a transporter.
 64544 | Depths:4 | Entered Level 4 of the Depths
 64563 | Depths:3 | Found a transporter.
 64563 | Depths:3 | Noticed TobyConnect's ghost (veteran GnFi)
 64686 | Depths:3 | Reached skill level 10 in Armour
 64704 | Depths:3 | Noticed a juggernaut
 64743 | Depths:3 | Killed a juggernaut
 65282 | Depths:3 | Reached XP level 25. HP: 143/184 MP: 0/0
 65282 | Depths:3 | Learned a level 8 spell: Discord
 65816 | Depths:4 | Noticed a juggernaut
 66323 | Depths:4 | Found a broken altar of Ashenzari.
 66439 | Depths:4 | Killed a juggernaut
 66462 | Depths:4 | Found a gate to the Realm of Zot.
 66951 | Depths:4 | Upgraded the game from 0.32-a0-32-g978bd804de to
                  | 0.32-a0-35-gd9ff480968
 67158 | Crypt:1  | Entered Level 1 of the Crypt
 67160 | Crypt:1  | Reached skill level 20 in Summonings
 67255 | Crypt:1  | Found a magical portal.
 67266 | WizLab   | Entered Cigotuvi's Fleshworks
 67484 | WizLab   | Identified the maw talisman of the Trombone {rF- Dex+3
                  | Stlth+}
 67773 | WizLab   | Found the -2 hat of the Alchemist {rElec rPois rF+ rC+ rN+
                  | Will+ rMut rCorr}
 68438 | Crypt:1  | Reached skill level 21 in Summonings
 68510 | Crypt:1  | Reached XP level 26. HP: 191/191 MP: 0/0
 68539 | Crypt:1  | Reached skill level 15 in Armour
 69473 | Crypt:2  | Noticed Boris
 69564 | Crypt:2  | Killed Boris
 70188 | Crypt:3  | Entered Level 3 of the Crypt
 70309 | Crypt:3  | Reached skill level 22 in Summonings
 70530 | Crypt:3  | Found a basalt altar of Yredelemnul.
 70705 | Crypt:3  | Identified the ring "Syos" {rN+ Str+2}
 70730 | Crypt:3  | Identified the ring "Tubek" {rN+ Str+4 Int-5}
 71286 | Crypt:3  | Identified the +9 plate armour "Ziashyso" {Fly}
 71383 | Crypt:3  | Identified the staff "Jimid" {rPois rF- Int+5 Alchemy}
 71441 | Crypt:3  | Found a staircase to the Tomb.
 71481 | Crypt:3  | Identified the +0 plate armour of the Crushed Stars {^Drain
                  | +Blink rN+++ Stlth+}
 71511 | Tomb:1   | Entered Level 1 of the Tomb of the Ancients
 71788 | Tomb:1   | Identified the +5 scale mail of the Kodama {rElec Dex+3}
 71920 | Tomb:1   | Noticed a royal mummy
 71930 | Tomb:1   | Killed a royal mummy
 71931 | Tomb:1   | Reached skill level 23 in Summonings
 71941 | Tomb:1   | Noticed a royal mummy
 71962 | Tomb:1   | Gained mutation: You occasionally lose the ability to read
                  | scrolls when taking damage. [mutagenic glow]
 72032 | Crypt:3  | Lost mutation: You occasionally lose the ability to read
                  | scrolls when taking damage. [potion of mutation]
 72032 | Crypt:3  | Gained mutation: You possess an exceptional clarity of
                  | mind. [potion of mutation]
 72032 | Crypt:3  | Gained mutation: You passively map a small area around you.
                  | [potion of mutation]
 72309 | Vaults:5 | Entered Level 5 of the Vaults
 72323 | Vaults:5 | Noticed a dread lich
 72326 | Vaults:5 | Noticed a dread lich
 72330 | Vaults:5 | Reached XP level 27. HP: 190/199 MP: 0/0
 72330 | Vaults:5 | Learned a level 9 spell: Fire Storm
 72455 | Vaults:5 | Identified the +1 robe "Irisei" {Int+4}
 72566 | Vaults:5 | Killed a dread lich
 72913 | Vaults:5 | Noticed a dread lich
 72926 | Vaults:5 | Killed a dread lich
 72959 | Vaults:5 | Reached skill level 24 in Summonings
 72960 | Vaults:5 | Identified the orb of Goc Boqo {*channel, Air}
 72960 | Vaults:5 | Noticed Frederick
 72978 | Vaults:5 | Killed Frederick
 73350 | Vaults:5 | Killed a dread lich
 73401 | Vaults:5 | Got a silver rune of Zot
 73412 | Vaults:5 | Identified the amulet of Disaster {Acrobat Stlth+}
 73708 | Vaults:5 | Identified the +3 buckler "Faprito" {rPois rC+ Str+9}
 73747 | Vaults:5 | Identified the +9 shortbow of the Warrior-Mage {drain,
                  | rPois Str-5 Int+4}
 74079 | Vaults:5 | Identified the +10 plate armour of Xiqaroh {-Tele rF+ rC+
                  | Stlth+}
 74349 | Zot:1    | Entered Level 1 of the Realm of Zot
 74919 | Zot:1    | Reached skill level 25 in Summonings
 75047 | Zot:1    | Noticed an orb of fire
 75097 | Zot:1    | Killed an orb of fire
 75828 | Zot:2    | Reached skill level 26 in Summonings
 76082 | Zot:2    | Identified the +0 plate armour "Qoeckoew" {-Cast Harm rPois
                  | Str-3}
 76506 | Zot:2    | Reached skill level 27 in Summonings
 76927 | D:6      | Bought a scroll of blinking for 105 gold pieces
 76927 | D:6      | Bought a scroll of teleportation for 42 gold pieces
 77009 | D:6      | Bought a scroll of fog for 48 gold pieces
 77195 | Orc:2    | Bought a scroll of summoning for 104 gold pieces
 77231 | Orc:2    | Bought a potion of haste for 150 gold pieces
 77231 | Orc:2    | Bought a potion of haste for 150 gold pieces
 78868 | Zot:3    | You are sucked into a shaft and drop 1 floor!
 80492 | Zot:5    | Entered Level 5 of the Realm of Zot
 80607 | Zot:5    | Found Fehuesko's CLEARANCE SALE!.
 80625 | Zot:5    | Bought a potion of heal wounds for 25 gold pieces
 80625 | Zot:5    | Bought a scroll of acquirement for 260 gold pieces
 80625 | Zot:5    | Acquired a manual of Evocations
 81002 | Zot:5    | Noticed a Killer Klown
 81013 | Zot:5    | Killed a Killer Klown
 81289 | Zot:5    | Noticed an orb of fire
 81329 | Zot:5    | Killed an orb of fire
 81515 | Zot:5    | Noticed an ancient lich
 81521 | Zot:5    | Killed an ancient lich
 81576 | Zot:5    | Noticed an orb of fire
 81592 | Zot:5    | Killed an orb of fire
 81593 | Zot:5    | Reached skill level 10 in Evocations
 81609 | Zot:5    | Noticed an orb of fire
 81621 | Zot:5    | Killed an orb of fire
 81772 | Zot:5    | Noticed an orb of fire
 81772 | Zot:5    | Noticed an orb of fire
 82026 | Zot:5    | Noticed a Killer Klown
 82040 | Zot:5    | Noticed an orb of fire
 82056 | Zot:5    | Noticed a Killer Klown
 82058 | Zot:5    | Killed a Killer Klown
 82058 | Zot:5    | Killed an orb of fire
 82113 | Zot:5    | Killed an orb of fire
 82122 | Zot:5    | Killed an orb of fire
 82157 | Zot:5    | Got the Orb of Zot
 82834 | D:$      | Escaped with the Orb!

Illustrated notes

Levels and vault maps discovered:
D:1:      kb_arrival_jail, layout_loops_ring, minmay_misc_feat_plants
D:2:      layout_basic, basic_altar
D:3:      layout_basic, uniq_ijyb, uniq_sigmund
D:4:      layout_basic
D:5:      layout_basic, nicolae_gozag_zags_fifth_avenue,
          minmay_temple_entry_hall
D:6:      layout_cave_pods, serial_shops, nicolae_shop_window_shopping, shop,
          grunt_ministairs_15, nrook_campfire
D:7:      layout_rooms, minitemple, mainiacjoe_ossuary_entry_find_the_door,
          minivault_26, uniq_menkaure
D:8:      layout_cave_pools, lemuel_round_altar, uniq_maggie
D:9:      layout_roguey, moated_statue
D:10:     layout_basic, grunt_lair_entry_orc_guard_hut, uniq_urug
D:11:     layout_loops_cross, minmay_orc_entry_temple_small
D:12:     layout_gridville, minivault_5, minmay_misc_feat_room
D:13:     layout_loops_ring, lightli_vaults_fourway_checkpoint, serial_shops,
          bzr_entry_water
D:14:     layout_irregular_city, fedhas_altar_4, uniq_kirke
D:15:     grunt_enter_depths_magical_seal, layout_irregular_city, serial_glass,
          glass_columns_b, glass_columns_c, uniq_rupert
Temple:   hellmonk_temple_forest_ring
Lair:1:   layout_regular_city
Lair:2:   layout_gridlike, minmay_swamp_entry_reptiles, lemuel_oklob_altar
Lair:3:   layout_misc_corridors, minmay_snake_entry_guardpost_small, uniq_fannar
Lair:4:   wad_woods_minihive, layout_regular_city,
          minmay_slime_entry_jelly_boxes, gauntlet_entry_generic,
          serial_bayou_shore_a
Lair:5:   minmay_lair_end_enchanted_forest, layout_small_grid
Swamp:1:  layout_basic_swamp, evilmike_swamp_ruin_house_4,
          infiniplex_staircase_pool_2, uniq_nikola
Swamp:2:  layout_basic_swamp, hangedman_swamp_ruin_wall
Swamp:3:  layout_basic_swamp, serial_swamp_ruin, evilmike_swamp_ruin_rubble_1,
          evilmike_swamp_ruin_rubble_2, infiniplex_staircase_pool
Swamp:4:  swamp_old_school, layout_basic_swamp, swamp_pool_4, uniq_donald
Snake:1:  layout_honeycomb
Snake:2:  layout_honeycomb, nicolae_snake_coiling_death, uniq_vashnia
Snake:3:  layout_cave_town, serial_shops, shop,
          nicolae_snake_herptile_family_reunion
Snake:4:  minmay_snake_end_coiled, layout_basic, uniq_aizul
Orc:1:    layout_caves, kennysheep_orc_sif_temple
Orc:2:    kennysheep_orc_mage_school, layout_caves, basic_altar, serial_shops,
          nicolae_shop_hallway_stairs
Elf:1:    layout_geoelf_grid, hangedman_elf_represent, grunt_megastairs_1
Elf:2:    nicolae_elf_blades_splatter_lattice [nooodl_blade_entry_preview],
          layout_geoelf_octagon, roderic_roman_lattice, minivault_13
Elf:3:    minmay_elf_hall_statues, layout_geoelf_octagon, serial_shops,
          bzr_entry_customers, nicolae_square_shop, nicolae_shop_tiny_glass,
          nicolae_shop_tiny_statue_garden, nicolae_shop_tiny_glass,
          portal_ice_cave_entry_pillars_four
Vaults:1: st_greater_box_2, vaults_room_door_ring, nicolae_vaults_little_ls,
          nicolae_vaults_tetromino_L_2, v_misc_11, vaults_room_fours,
          minmay_orc_keep, vaults_dpeg_spiral, v_misc_5, v_misc_29,
          vaults_dpeg_ring, nicolae_vaults_tetromino_Z_1,
          layout_vaults_maze_bifur, serial_shops, bzr_entry_dummy
Vaults:2: hangedman_vaults_nails, hangedman_vaults_slither, vaults_room_grid,
          nicolae_vaults_steering_wheel, nicolae_vaults_gold_heap,
          nicolae_vaults_tetromino_Z_2, nicolae_vaults_murderbox,
          v_alt_pattern_5, nicolae_vaults_apartment_1, serial_ice_g,
          nicolae_vaults_trapezoid_1, nicolae_vaults_yaktaur_gun_rack,
          layout_vaults_quadrants, serial_shops, bzr_entry_dummy
Vaults:3: nicolae_vaults_apartment_2, dpeg_vaults_monster_box,
          vaults_room_fancy_cross, nicolae_vaults_big_ls,
          minmay_crypt_entry_simple_round, nicolae_vaults_wrenched,
          nicolae_vaults_tangram_1, v_misc_18, nicolae_vaults_apartment_2,
          grunt_vaults_hallway_short, nicolae_vaults_network_s,
          nicolae_vaults_trapezoid_lopsided_3,
          nicolae_vaults_storage_room_glass, layout_vaults_ring, uniq_jory,
          uniq_mennas
Vaults:4: ontoclasm_vaults_ring_large, nicolae_vaults_spaceships,
          nicolae_vaults_house_3, hangedman_vaults_nodes, vaults_dpeg_cross,
          hangedman_vaults_hat, nicolae_vaults_double_plus_1,
          nicolae_vaults_trapezoid_lopsided_3, ontoclasm_vaults_gateway,
          nicolae_vaults_frosty_reception, nicolae_vaults_little_squares_4,
          nicolae_vaults_mini_display_case, nicolae_vaults_apartment_1,
          layout_vaults_omnicross
Vaults:5: uniq_frederick
Crypt:1:  layout_chaotic_city, mu_enter_wizlab_3, grunt_ministairs_7
Crypt:2:  layout_regular_city, nicolae_crypts_crumbling_nooks, uniq_boris
Crypt:3:  grunt_crypt_end_deaths_head
Tomb:1
Depths:1: layout_honeycomb, enter_ziggurat_d, grunt_hell_entry_dis_old,
          nicolae_abyss_entry_one_way_or_another, fiery_altar_vehumet,
          minmay_misc_feat_enclosed, corexii_corridor_pit,
          hangedman_summoners_spam
Depths:2: grunt_x_marks_the_spot, layout_cave_pools, rand_demon_pan_entry_8,
          hell_entry, minmay_misc_feat_hallway, grunt_tower_of_power,
          minmay_staircase_bubble, uniq_grunn, uniq_asterion
Depths:3: hangedman_cross_veins, layout_gridlike, chequers_big_river,
          hell_entry, abyss_entry_small_statue_room, gammafunk_ghost_arena
Depths:4: evilmike_zot_entry_basic, layout_cave_shapes, lightli_too_deep,
          grunt_pan_entry_zigzag, ashenzari_altar_1
Zot:1:    grunt_twist_and_shout, layout_onion_interference
Zot:2:    layout_misc_corridors, regret_index_zotdec_misc_clamp, evilmike_ambush
          [evilmike_ambush_outer_basic, evilmike_ambush_inner_basic]
Zot:3:    layout_cathedral_of_symmetry, grunt_ministairs_15
Zot:4:    layout_misc_corridors, amethyst_zot_foddershock
Zot:5:    layout_concentric_octagons, nicolae_shop_clearance

Skill      XL: |  1  2  3  4  5  6  7  8  9 10 11 12 13 14 15 16 17 18 19 20 21 22 23 24 25 26 27 |
---------------+----------------------------------------------------------------------------------+-----
Stealth        | 2 3 4 5 6 7 8 9 |  9.6
Fighting       | 1 2 3 4 5 6 7 8 9 10 11 12 13 14 15 16 17 18 | 18.3
Dodging        | 3 4 5 6 7 8 9 11 12 13 14 15 16 17 18 20 | 20.3
Spellcasting   | 4 5 7 8 9 11 12 13 14 15 16 18 19 21 25 | 25.5
Conjurations   | 4 5 7 8 9 11 12 13 14 15 16 18 19 21 25 | 25.5
Hexes          | 4 5 7 8 9 11 12 13 14 15 16 18 19 21 25 | 25.5
Summonings     | 4 5 7 8 9 11 12 13 14 15 16 18 19 21 23 27 | 27.0
Necromancy     | 4 5 7 8 9 11 12 13 14 15 16 18 19 21 25 | 25.5
Translocations | 4 5 7 8 9 11 12 13 14 15 16 18 19 21 25 | 25.5
Fire Magic     | 4 5 7 8 9 11 12 13 14 15 16 18 19 21 25 | 25.5
Ice Magic      | 4 5 7 8 9 11 12 13 14 15 16 18 19 21 25 | 25.5
Air Magic      | 4 5 7 8 9 11 12 13 14 15 16 18 19 21 25 | 25.5
Earth Magic    | 4 5 7 8 9 11 12 13 14 15 16 18 19 21 25 | 25.5
Alchemy        | 4 5 7 8 9 11 12 13 14 15 16 18 19 21 25 | 25.5
Armour         | 1 2 3 5 6 7 10 14 15 16 | 16.9
Invocations    | 1 3 5 6 8 9 11 12 13 | 13.0
Evocations     | 3 5 6 7 8 11 | 11.2
Staves         | 2 4 5 6 8 9 |  9.9
Shields        | 2 5 7 9 10 12 13 14 15 16 17 | 17.3
Maces & Flails | 1 |  1.0

Action                     |  1- 3 |  4- 6 |  7- 9 | 10-12 | 13-15 | 16-18 | 19-21 | 22-24 | 25-27 || total
---------------------------+-------+-------+-------+-------+-------+-------+-------+-------+-------++-------
  Melee: Dagger            |    12 |    33 |    34 |       |       |       |       |       |       ||    79
         Staff             |       |       |       |   107 |   218 |   241 |    56 |    19 |    43 ||   684
         Punch             |       |       |       |     1 |       |       |       |       |       ||     1
   Cast: Magic Dart        |    83 |   186 |   213 |    43 |     6 |       |       |       |       ||   531
         Mephitic Cloud    |       |     6 |    18 |    41 |    30 |     1 |       |       |       ||    96
         Slow              |       |     1 |     5 |    22 |    10 |     3 |     1 |       |       ||    42
         Static Discharge  |       |     2 |     7 |     6 |    24 |     2 |       |       |       ||    41
         Summon Small Mamm |       |     1 |    16 |    17 |     2 |     1 |     3 |       |     2 ||    42
         Passwall          |       |       |     2 |       |       |     8 |       |     6 |     2 ||    18
         Call Imp          |       |       |    19 |    36 |     8 |    44 |     6 |       |     1 ||   114
         Summon Ice Beast  |       |       |    33 |    84 |    92 |   192 |    52 |     2 |     5 ||   460
         Blink             |       |       |       |     3 |     5 |     1 |     1 |     1 |     7 ||    18
         Curse of Agony    |       |       |       |    20 |     1 |    19 |     2 |     1 |       ||    43
         Summon Mana Viper |       |       |       |       |   186 |   254 |    95 |    41 |    38 ||   614
         Starburst         |       |       |       |       |    12 |    62 |    29 |    65 |    96 ||   264
         Dispersal         |       |       |       |       |       |    20 |     5 |    16 |    31 ||    72
         Plasma Beam       |       |       |       |       |       |       |   336 |   446 |   806 ||  1588
         Monstrous Menager |       |       |       |       |       |       |    44 |   168 |   189 ||   401
         Enfeeble          |       |       |       |       |       |       |       |    36 |    51 ||    87
         Discord           |       |       |       |       |       |       |       |       |    86 ||    86
         Fire Storm        |       |       |       |       |       |       |       |       |    43 ||    43
 Invoke: Minor Destruction |       |       |       |    13 |     8 |     7 |       |       |       ||    28
         Lesser Servant of |       |       |       |       |       |     4 |       |       |       ||     4
         Greater Servant o |       |       |       |       |       |       |     2 |       |     3 ||     5
  Evoke: Wand              |       |       |       |    10 |       |    12 |       |       |     2 ||    24
    Use: Scroll            |       |     7 |     7 |     7 |    15 |    15 |     7 |    12 |    30 ||   100
         Potion            |       |     1 |       |       |     1 |     3 |       |     7 |    10 ||    22
   Stab: Confused          |       |     3 |     5 |     9 |       |       |       |       |       ||    17
         Sleeping          |       |       |     1 |     1 |       |     1 |       |       |       ||     3
         Distracted        |       |       |       |       |     4 |     5 |     2 |     1 |     4 ||    16
         Invisible         |       |       |       |       |       |       |       |     1 |       ||     1
 Armour: Robe              |    11 |    57 |   116 |    14 |    61 |   391 |   139 |   273 |    42 ||  1104
         Steam dragon scal |       |       |       |   148 |   277 |       |       |       |       ||   425
         Leather armour    |       |       |       |       |       |    22 |       |       |   302 ||   324
  Dodge: Dodged            |    25 |    58 |   152 |   200 |   411 |   433 |    92 |   178 |   368 ||  1917
  Block: Buckler           |       |       |       |       |    51 |   273 |       |       |       ||   324
         Kite shield       |       |       |       |       |       |    10 |   183 |   329 |   550 ||  1072

Table legend: (Time is in decaauts)
 A = Elapsed time spent in this place.
 B = Non-inter-level travel time spent in this place.
 C = Inter-level travel time spent in this place.
 D = Time resting spent in this place.
 E = Time spent auto-exploring this place.
 F = Levels seen in this place.
 G = Mean time per level.
                   A        B        C        D        E       F      G
               +--------+--------+--------+--------+--------+-----+--------+
         Total |  83038 |  74290 |   8748 |  13573 |  24244 |  59 | 1407.4 |
       Dungeon |  20075 |  17321 |   2754 |   3600 |   7723 |  15 | 1338.3 |
        Temple |     26 |     15 |     11 |      0 |      0 |   1 |   26.0 |
          Lair |  12289 |  11016 |   1273 |   3720 |   3054 |   5 | 2457.8 |
         Swamp |   5884 |   5554 |    330 |   1442 |   1449 |   4 | 1471.0 |
     Snake Pit |   7344 |   6753 |    591 |    500 |   1636 |   4 | 1836.0 |
  Orcish Mines |   2994 |   2450 |    544 |    564 |    935 |   2 | 1497.0 |
   Elven Halls |   5778 |   5326 |    452 |   1248 |   1131 |   3 | 1926.0 |
        Vaults |   9484 |   8663 |    821 |    981 |   2658 |   5 | 1896.8 |
         Crypt |   3199 |   3023 |    176 |    137 |   1197 |   3 | 1066.3 |
          Tomb |    512 |    512 |      0 |      4 |      0 |   1 |  512.0 |
        Depths |   5755 |   4694 |   1061 |    422 |   2221 |   4 | 1438.8 |
           Zot |   7245 |   6514 |    731 |    892 |   1967 |   5 | 1449.0 |
        Bazaar |    486 |    486 |      0 |      0 |    118 |   4 |  121.5 |
       Ossuary |    871 |    871 |      0 |     29 |     20 |   1 |  871.0 |
      Ice Cave |    340 |    340 |      0 |     10 |     93 |   1 |  340.0 |
        Wizlab |    747 |    747 |      0 |     23 |     42 |   1 |  747.0 |
               +--------+--------+--------+--------+--------+-----+--------+

Top non-repeatable levels by time:
 Snake:3: 2744 daAuts
  Lair:2: 2732 daAuts
  Lair:1: 2623 daAuts
  Lair:4: 2567 daAuts
  Lair:3: 2508 daAuts
   Elf:2: 2178 daAuts
 Snake:2: 2175 daAuts
Depths:1: 2024 daAuts
Vaults:3: 1991 daAuts
Vaults:1: 1965 daAuts
   Orc:2: 1938 daAuts
 Swamp:2: 1932 daAuts
   Elf:3: 1919 daAuts
Vaults:2: 1884 daAuts
Vaults:4: 1862 daAuts
